 Dungeon Crawl Stone Soup version 0.22-a0-618-gd6a3efe (webtiles) character file.

234 yoda5477 the Stinger (level 6, -1/35 HPs)
             Began as a Gargoyle Venom Mage on July 13, 2018.
             Slain by a wight
             ... wielding a cursed +0 battleaxe
              (7 damage)
             ... on level 3 of the Dungeon.
             The game lasted 00:28:11 (4265 turns).

yoda5477 the Stinger (Gargoyle Venom Mage)          Turns: 4265, Time: 00:28:12

Health: -1/35      AC:  7    Str: 12    XL:     6   Next: 5%
Magic:  6/10       EV: 12    Int: 17    God:
Gold:   162        SH:  0    Dex: 10    Spells: 8/11 levels left

rFire    . . .     SeeInvis .   s - +0 flail
rCold    . . .     Gourm    .   (no shield)
rNeg     + . .     Faith    .   a - +0 robe
rPois    ∞         Spirit   .   n - +0 helmet
rElec    +         Reflect  .   (no cloak)
rCorr    .         Harm     .   (no gloves)
MR       .....                  (no boots)
Stlth    ++........             (no amulet)
HPRegen  0.11/turn              (no ring)
MPRegen  0.12/turn              (no ring)

@: very slightly contaminated
A: negative energy resistance 1, electricity resistance, unbreathing,
petrification resistance, rot immunity, AC +4
a: no special abilities


You were on level 3 of the Dungeon.
You were not hungry.

You visited 1 branch of the dungeon, and saw 4 of its levels.

You collected 162 gold pieces.

Inventory:

Hand Weapons
 e - a +0 dagger
 g - a +0 club
 i - a +0 hand axe
 o - a +1 dagger of electrocution
 s - a +0 flail (weapon)
 t - a +0 trident
Armour
 a - a +0 robe (worn)
 m - a +0 animal skin
 n - a +0 helmet (worn)
 B - a +3 leather armour of cold resistance
Wands
 x - a wand of enslavement (8)
 z - a wand of paralysis (4)
Scrolls
 f - a scroll of fear {unknown}
 k - a scroll of identify
 l - a scroll of enchant armour {unknown}
 p - a scroll of random uselessness {unknown}
 q - a scroll of magic mapping {unknown}
 r - a scroll of fog {unknown}
 u - a scroll of teleportation {unknown}
 v - a scroll of remove curse {unknown}
 y - a scroll of enchant weapon {unknown}
Potions
 b - 3 potions of curing {unknown}
 d - a potion of lignification {unknown}
 h - a potion of resistance {unknown}
 j - 2 potions of might {unknown}
 A - 2 potions of degeneration {unknown}
Comestibles
 c - 5 rations
 w - 2 chunks of flesh


   Skills:
 * Level 1.7 Fighting
 * Level 1.7 Maces & Flails
 - Level 1.5 Dodging
 - Level 2.4 Stealth
 + Level 3.0 Spellcasting
 * Level 3.0 Conjurations
 - Level 0.8 Air Magic
 * Level 4.2 Poison Magic


You had 8 spell levels left.
You knew the following spells:

 Your Spells              Type           Power        Failure   Level  Hunger
a - Sting                 Conj/Pois      ##..         4%          1    None
b - Poisonous Vapours     Pois/Air       ##....       10%         2    ##.....

Your spell library contained the following spells:

 Spells                   Type           Power        Failure   Level  Hunger
 Mephitic Cloud           Conj/Pois/Air  ##......     17%         3    ###....
 Venom Bolt               Conj/Pois      ##........   73%         5    ######.
 Olgreb's Toxic Radiance  Pois           ###.....     30%         4    ####...


Dungeon Overview and Level Annotations

Branches:
Dungeon (4/15)
 Temple: D:4-7

Altars:
Hepliaklqana
Ru
Uskayaw
Wu Jian
Beogh

Annotations:
D:3 3 runed doors, exclusion: 3 doors, Kavrick's ghost, amateur HuFi


Innate Abilities, Weirdness & Mutations

You are resistant to torment.
Your stone body is resilient. (AC +4)
You are immune to poison.
You resist negative energy. (rN+)
You are resistant to electric shocks. (rElec)
You can survive without breathing.
You are immune to petrification.
You are immune to rotting.


Message History

Confirm with . or Enter, or press ? or * to list all spells.
Aiming: Poisonous Vapours (safe; 10% risk of failure)
Press: ? - help, Dir - move target cursor, f/p - howler monkey
Aim: a howler monkey Poisonous vapours surround the howler monkey!
The howler monkey is engulfed in poison gas.
The howler monkey is poisoned.
The wight hits you with a battleaxe!
You hit the wight but do no damage. The wight closely misses you.
You sock the wight!
The wight is heavily damaged.
The wight hits you with a battleaxe.
* * * LOW HITPOINT WARNING * * *
You hit the wight but do no damage.
The wight is heavily damaged.
The wight misses you.
The howler monkey hoots and howls with incredible vigour!
You hit the wight.
The wight is severely damaged.
The wight hits you with a battleaxe!
You die...

......................<..#.###.#.
##.#.########.####..........(..#.
##.#.# #..............###.#.
...#.#############..##.#.### #.#.
####.........# #..##.#.# #.##
#########.# #.>##.#.# ###8 #.#
#..##.#.# #⌠_. #.#####.......#
#⌠_. #...>@zh.)..### ####
#######.##### #.# #)# #.# #.# #.#
#.###########.# #.............#
###############


You could see a howler monkey and a wight.

Vanquished Creatures
  Ijyb (D:4)
  A worker ant zombie (D:3)
  Robin (D:2)
  8 adders
  An ooze (D:3)
  2 worms (D:2)
  2 dart slugs
  4 leopard geckos
  7 orcs (D:3)
  A ball python (D:2)
  5 giant cockroaches
  13 goblins
  12 hobgoblins
  4 jackals
  6 kobolds
  A quokka (D:2)
  4 bats
  11 frilled lizards
  6 rats
90 creatures vanquished.

Notes
Turn   | Place    | Note
-------+----------+-------------------------------------------
     0 | D:1      | yoda5477 the Gargoyle Venom Mage began the quest for the Orb.
     0 | D:1      | Reached XP level 1. HP: 10/10 MP: 3/3
   315 | D:1      | Reached XP level 2. HP: 15/15 MP: 0/5
  1047 | D:2      | Reached XP level 3. HP: 5/20 MP: 4/6
  1432 | D:2      | Learned a level 2 spell: Poisonous Vapours
  1623 | D:2      | Noticed Robin
  1699 | D:2      | Killed Robin
  1699 | D:2      | Reached skill level 1 in Fighting
  1699 | D:2      | Reached XP level 4. HP: 21/25 MP: 2/7
  1884 | D:2      | Reached skill level 1 in Maces & Flails
  2621 | D:3      | Reached XP level 5. HP: 5/29 MP: 8/8
  3268 | D:3      | Found a sacrificial altar of Ru.
  3339 | D:3      | Reached skill level 4 in Poison Magic
  3368 | D:3      | Found a runed gate.
  3369 | D:3      | Found a runed gate.
  3370 | D:3      | Found a runed gate.
  3372 | D:3      | Noticed Kavrick's ghost (amateur HuFi)
  3380 | D:3      | Found a roughly hewn altar of Beogh.
  3485 | D:3      | Noticed a hand axe
  3485 | D:3      | Noticed a hand axe
  3496 | D:3      | Found a hide-covered altar of Uskayaw.
  4022 | D:3      | Found a hazy altar of Hepliaklqana.
  4022 | D:3      | Found an ornate altar of the Wu Jian Council.
  4176 | D:4      | Noticed Ijyb
  4177 | D:4      | Paralysed by Ijyb for 6 turns
  4185 | D:4      | Paralysed by Ijyb for 2 turns
  4189 | D:4      | Killed Ijyb
  4189 | D:4      | Reached XP level 6. HP: 35/35 MP: 2/10
  4265 | D:3      | Slain by a wight

Vault maps used:
D:1:      kennysheep_arrival_forest
D:2:      first_ration, uniq_robin
D:3:      lemuel_doored_altar, gammafunk_temple_overflow_wave,
          dancing_weapons_uskayaw, biasface_ghost_orc_armoury,
          minmay_lizard_king
D:4:      uniq_grinder, uniq_ijyb, uniq_edmund

Skill      XL: |  1  2  3  4  5 |
---------------+----------------+-----
Conjurations   | 2 3 |  3.0
Fighting       | 1 |  1.7
Maces & Flails | 1 |  1.7
Poison Magic   | 4 |  4.2
Spellcasting   | 3 |  3.0
Dodging        | |  1.5
Stealth        | |  2.4
Air Magic      | |  0.8

Action                   |  1- 3 |  4- 6 || total
-------------------------+-------+-------++-------
Melee: Unarmed           |    10 |       ||    10
       Club              |    43 |   116 ||   159
       Flail             |       |     9 ||     9
 Cast: Sting             |    46 |    21 ||    67
       Poisonous Vapours |     5 |    44 ||    49
  Use: Scroll            |       |     1 ||     1
  Eat: Chunk             |     3 |    12 ||    15
Armor: Robe              |    15 |    49 ||    64
Dodge: Dodged            |    36 |    84 ||   120

Table legend:
 A = Spawn XP
 B = Non-spawn XP
 C = Spawn XP percentage of total XP
 D = Spawn monster count
 E = Non-spawn monster count
 F = Spawn count percentage of total count
 G = Total turns spent on level
                    A         B        C        D         E        F      G
               +---------+---------+-------+---------+---------+-------+---------
         Total |       0 |     335 |   0.0 |       0 |      90 |   0.0 |  4265
               +---------+---------+-------+---------+---------+-------+---------
           D:1 |       0 |      32 |   0.0 |       0 |      17 |   0.0 |  1032
           D:2 |       0 |     119 |   0.0 |       0 |      36 |   0.0 |  1620
           D:3 |       0 |     148 |   0.0 |       0 |      36 |   0.0 |  1584
           D:4 |       0 |      36 |   0.0 |       0 |       1 |   0.0 |    29
               +---------+---------+-------+---------+---------+-------+---------
